 Dungeon Crawl Stone Soup version 0.19-b1-3-g7dea586 (webtiles) character file.

130 Snowbleach the Grave Robber (level 4, -3/30 HPs)
             Began as a Mummy Necromancer on Oct 28, 2016.
             Killed from afar by an orc wizard (10 damage)
             ... with a puff of flame
             ... on level 3 of the Dungeon.
             The game lasted 00:37:46 (2577 turns).

Snowbleach the Grave Robber (Mummy Necromancer)     Turns: 2577, Time: 00:37:47

Health: -3/30      AC:  5    Str: 11    XL:     4   Next: 90%
Magic:  1/17       EV: 12    Int: 15    God:
Gold:   113        SH:  0    Dex: 12    Spells: 3 memorised, 4 levels left

rFire  x . .     SeeInvis .     f - +0 dagger
rCold  + . .     Gourm    .     d - +2 robe {MR+}
rNeg   + + +     Faith    .     (no shield)
rPois  ∞         Spirit   .     (no helmet)
rElec  .         Reflect  .     c - +0 cloak
rCorr  .         Harm     .     (no gloves)
MR     +....                    (no boots)
Stlth  ++........               (no amulet)
                                (no ring)
                                h - ring of magical power (curse)

@: no status effects
A: no food or potions, fire vulnerability, cold resistance 1, negative energy
resistance 3, torment resistance, unbreathing
a: no special abilities


You were on level 3 of the Dungeon.
You were not hungry.

You visited 1 branch of the dungeon, and saw 3 of its levels.

You collected 113 gold pieces.

Inventory:

Hand Weapons
 f - a +0 dagger (weapon)
 l - a +2 hunting sling of flaming
Missiles
 m - 7 sling bullets
Armour
 a - a +1 robe
 c - a +0 cloak (worn)
 d - a +2 robe of magic resistance (worn)
 i - a +1 animal skin
Jewellery
 h - a cursed ring of magical power (left hand)
Scrolls
 e - a scroll of enchant weapon {unknown}
 g - a scroll of remove curse
 k - a scroll of identify {unknown}
Books
 b - a book of Necromancy

   Spells                             Type                      Level
   a - Pain                           Necromancy                   1
   b - Animate Skeleton               Necromancy                   1
   c - Vampiric Draining              Necromancy                   3
   d - Regeneration                   Charms/Necromancy            3
   e - Animate Dead                   Necromancy                   4
   f - Control Undead                 Necromancy                   4


   Skills:
 + Level 0.2 Short Blades
 + Level 1.7 Dodging
 + Level 1.8 Stealth
 + Level 3.2 Spellcasting
 + Level 5.2 Necromancy


You had 4 spell levels left.
You knew the following spells:

 Your Spells              Type           Power        Failure   Level  Hunger
a - Pain                  Necr           ###.         1%          1    N/A
b - Animate Skeleton      Necr           N/A          1%          1    N/A
c - Vampiric Draining     Necr           ###.......   10%         3    N/A

Dungeon Overview and Level Annotations

Branches:
Dungeon (3/15)

Altars:


Innate Abilities, Weirdness & Mutations

You do not eat or drink.
Your flesh is vulnerable to fire.
You are immune to poison.
Your flesh is cold resistant. (rC+)
You are immune to negative energy. (rN+++)
You are immune to unholy pain and torment.
You can survive without breathing.


Message History

The orc wizard casts a spell at you. The magic dart hits you!
The orc wizard hits you with a dagger.
You hit the orc wizard but do no damage.
The orc wizard misses you.
You closely miss the orc wizard.
The orc wizard hits you but does no damage.
You hit the orc wizard but do no damage.
The orc wizard gestures at you while chanting.
The puff of flame hits you! The fire burns you terribly!
* * * LOW HITPOINT WARNING * * *
Casting: Pain
Confirm with . or Enter, or press ? or * to list all spells.
Aiming: Pain
Press: ? - help, Shift-Dir - straight line, f - orc wizard
Aim: an orc wizard, wielding a dagger and wearing a robe (chance to defeat MR: 78%)
The orc wizard writhes in agony!
The orc wizard points at you and mumbles some strange words.
The puff of flame hits you! The fire burns you terribly!
You die...

#.#.##.######.#.<..
#.#.#..#........%..
#.#.#.##.##########
#.#$).......
#>..%.......
#...########
#...########+
#)...........
#.@o.........
#.........>..
########...########.
#..........####
#.....)%......#
#.........%...#
#.............#
###############


You could see an orc wizard.

Vanquished Creatures
  Terence (D:2)
  Robin (D:2)
  3 adders (D:2)
  2 worms (D:2)
  2 dart slugs (D:1)
  3 leopard geckos
  3 orcs (D:3)
  6 bats
  A giant cockroach (D:1)
  11 goblins
  10 hobgoblins
  5 kobolds
  A quokka (D:2)
  A ball python (D:1)
  6 frilled lizards
  3 rats
59 creatures vanquished.

Vanquished Creatures (collateral kills)
  An orc (D:3)
  A goblin (D:1)
2 creatures vanquished.

Grand Total: 61 creatures vanquished

Notes
Turn   | Place    | Note
-------+----------+-------------------------------------------
     0 | D:1      | Snowbleach the Mummy Necromancer began the quest for the Orb.
     0 | D:1      | Reached XP level 1. HP: 13/13 MP: 3/3
   246 | D:1      | Learned a level 1 spell: Animate Skeleton
   345 | D:1      | Reached XP level 2. HP: 15/19 MP: 0/5
  1134 | D:2      | Reached XP level 3. HP: 24/24 MP: 3/6
  1307 | D:2      | Noticed Robin
  1554 | D:2      | Killed Robin
  1817 | D:2      | Reached XP level 4. HP: 30/30 MP: 4/8
  1890 | D:2      | Reached skill level 5 in Necromancy
  2077 | D:2      | Noticed Terence
  2087 | D:2      | Killed Terence
  2482 | D:3      | Learned a level 3 spell: Vampiric Draining
  2577 | D:3      | Killed from afar by an orc wizard

Skill      XL: |  1  2  3  4 |
---------------+-------------+-----
Necromancy     | 5 |  5.2
Spellcasting   | 3 |  3.2
Short Blades   | |  0.2
Dodging        | |  1.7
Stealth        | |  1.8

Action                   |  1- 3 |  4- 6 || total
-------------------------+-------+-------++-------
Melee: Club              |     2 |       ||     2
       Spear             |     1 |       ||     1
       Dagger            |    13 |    14 ||    27
 Cast: Pain              |    76 |    44 ||   120
       Animate Skeleton  |     9 |     9 ||    18
  Use: Scroll            |     3 |       ||     3
 Stab: Distracted        |     2 |       ||     2
Armor: Robe              |    22 |     6 ||    28
Dodge: Dodged            |    52 |    21 ||    73
